 Dungeon Crawl Stone Soup version 0.31-a0-222-gefeffbb62a (webtiles) character file.

Game seed: 5978853968971686145

163 qw the Chopper (level 5, -7/32 HPs)
             Began as a Gargoyle Fighter on July 5, 2023.
             Killed by divine providence
             ... invoked by an orc priest
              (11 damage)
             ... on level 4 of the Dungeon.
             The game lasted 00:01:35 (2516 turns).

qw the Chopper (Gargoyle Fighter)                   Turns: 2516, Time: 00:01:35

Health: -7/32      AC: 13    Str: 21    XL:     5   Next: 44%
Magic:  5/5        EV:  7    Int:  9    God:
Gold:   163        SH:  0    Dex:  9    Spells: 4/4 levels left

rFire   . . .        Y - +0 war axe
rCold   . . .        c - +0 buckler
rNeg    + . .        h - +0 chain mail
rPois   inf          (no helmet)
rElec   +            (no cloak)
rCorr   .            (no gloves)
SInv    .            (no boots)
Will    .....        (no amulet) Stlth
                     (no ring)
HPRegen 0.25/turn    (no ring)
MPRegen 0.09/turn

%: no passive effects
@: confused
A: sickness immunity, AC +4, negative energy resistance 1, electricity
resistance, torment resistance 1, petrification resistance
a: no special abilities


You were on level 4 of the Dungeon.
You visited 1 branch of the dungeon, and saw 4 of its levels.

You collected 163 gold pieces.


Innate Abilities, Weirdness & Mutations

You are immune to sickness and miasma.
Your stone body is resilient. (AC +4)
You are immune to poison.
You resist negative energy. (rN+)
You are resistant to electric shocks. (rElec)
You are resistant to unholy torment.
You are immune to petrification.


   Skills:
 + Level 3.3 Fighting
 - Level 5.0 Axes
 - Level 3.2 Armour
 - Level 3.2 Shields


You had 4 spell levels left.
You didn't know any spells.
Your spell library was empty.

Inventory:

Hand Weapons
 i - a +0 mace
 Y - a +0 war axe (weapon)
Missiles
 a - a boomerang (quivered)
Armour
 c - a +0 buckler (worn)
 h - a +0 chain mail (worn)
 q - a +0 pair of boots
Scrolls
 b - a scroll of teleportation
 p - a scroll of acquirement {unknown}
Potions
 d - a potion of might
 e - 2 potions of lignification
 f - a potion of haste {unknown}
 g - a potion of degeneration {unknown}
 j - a potion of mutation {unknown}
 l - a potion of attraction {unknown}
 m - a potion of resistance {unknown}
 n - 2 potions of brilliance {unknown}
 o - a potion of heal wounds {unknown}

Dungeon Overview and Level Annotations

Branches:
Dungeon (4/15)
 Temple: D:4-7

Altars:
Xom


Message History

You closely miss the orc wizard.
The orc wizard is moderately wounded.
You closely miss the orc.
The orc wizard hits you but does no damage.
You hit the orc wizard.
The orc wizard is severely wounded.
You hit the orc. You slash the orc priest! The orc hits you but does no damage.
The orc priest hits you but does no damage.
The orc wizard casts a spell at you.
You are confused.
The orc priest hits you but does no damage.
The orc completely misses you.
The orc wizard gestures at you while chanting.
You are more confused.
The orc completely misses you. The orc priest barely misses you.
The orc closely misses you.
The orc priest hits you but does no damage.
The orc wizard closely misses you. The orc hits you but does no damage.
The orc priest calls down the wrath of Beogh upon you.
Beogh smites you! The orc closely misses you.
The orc wizard hits you but does no damage.
The orc barely misses you.
The orc priest hits you but does no damage.
The orc barely misses you.
The orc wizard hits you but does no damage.
The orc hits you but does no damage.
The orc priest calls down the wrath of Beogh upon you.
Beogh smites you!
The orc wizard hits you but does no damage.
The orc barely misses you. The orc hits you but does no damage.
The orc priest hits you but does no damage.
The orc hits you with a +0 falchion.
The orc wizard hits you but does no damage.
The orc hits you but does no damage.
The orc priest invokes the aid of Beogh against you.
Beogh smites you!
You die...

####....>..........#
#..............#.#
#................#
#...........>...##
###%........#.....#
...%..............#
.#.#........#.....#
.#...#...#........#
...............o@o#
..............##oo#
.#...##....##. #..#
........##. .. .###
###.... ## ### .
#... #. .. #.


You could see an orc priest, an orc wizard and 2 orcs.

Vanquished Creatures
  A sleepcap (D:4)
  5 adders
  2 worms (D:4)
  2 dart slugs (D:2)
  5 orcs
  3 endoplasms
  3 giant cockroaches
  9 goblins
  13 hobgoblins
  9 kobolds
  3 quokkas
  5 ball pythons
  5 bats
  4 frilled lizards
  4 rats
73 creatures vanquished.

Notes
Turn   | Place    | Note
-------+----------+-------------------------------------------
     0 | D:1      | qw the Gargoyle Fighter began the quest for the Orb.
     0 | D:1      | Reached XP level 1. HP: 14/14 MP: 1/1
     0 | D:1      | 0 ||| qw: Version: 0.3-a-46-gb1f654a
     0 | D:1      | 0 ||| qw: Game counter: 991
     0 | D:1      | 0 ||| qw: Melee chars always use a shield: true
     0 | D:1      | 0 ||| qw: God list: Okawaru
     0 | D:1      | 0 ||| qw: Allow faded altars: false
     0 | D:1      | 0 ||| qw: Do Orc after clearing Dungeon:15 true
     0 | D:1      | 0 ||| qw: Do second Lair branch before Depths: true
     0 | D:1      | 0 ||| qw: Lair rune preference: random
     0 | D:1      | 0 ||| qw: Goals: Normal, Zot:1-4, Slime:5, God:TSO, Crypt,
                  | Tomb, Abyss, Pan, Hells, Win
     0 | D:1      | 0 ||| PLANNING D:1-11
    28 | D:1      | 28 ||| DROPPING +0 club.
    45 | D:1      | Reached skill level 2 in Axes
    61 | D:1      | 61 ||| Stepping ~*~*~tactically~*~*~ (stealth).
    64 | D:1      | 64 ||| Stepping ~*~*~tactically~*~*~ (stealth).
    69 | D:1      | Reached XP level 2. HP: 19/19 MP: 2/2
   215 | D:1      | Reached skill level 3 in Axes
   221 | D:1      | Reached XP level 3. HP: 22/23 MP: 3/3
   221 | D:1      | 221 ||| Stepping ~*~*~tactically~*~*~ (stealth).
   228 | D:1      | 228 ||| Stepping ~*~*~tactically~*~*~ (stealth).
   274 | D:1      | 274 ||| DROPPING +0 whip.
   511 | D:1      | 511 ||| UPGRADING to +0 chain mail.
   521 | D:1      | 521 ||| DROPPING +0 scale mail.
   522 | D:1      | 522 ||| READING scroll labelled GASCHI PEITHELL.
   523 | D:1      | 523 ||| READING scroll labelled TUITUN SOME.
   631 | D:2      | 631 ||| Stepping ~*~*~tactically~*~*~ (hiding).
   632 | D:2      | 632 ||| Stepping ~*~*~tactically~*~*~ (hiding).
   874 | D:2      | 874 ||| Stepping ~*~*~tactically~*~*~ (hiding).
   875 | D:2      | 875 ||| Stepping ~*~*~tactically~*~*~ (hiding).
  1098 | D:2      | 1098 ||| Stepping ~*~*~tactically~*~*~ (hiding).
  1370 | D:2      | 1370 ||| READING 2 scrolls labelled JOEGOODGHITUDU.
  1375 | D:2      | 1375 ||| READING scroll labelled UTOIKA KUROAPS.
  1476 | D:2      | 1476 ||| READING scroll labelled CADGHUI FIDUM.
  1477 | D:2      | 1477 ||| DRINKING 3 smoky emerald potions.
  1556 | D:3      | 1556 ||| Stepping ~*~*~tactically~*~*~ (stealth).
  1559 | D:3      | 1559 ||| Stepping ~*~*~tactically~*~*~ (stealth).
  1565 | D:3      | Reached XP level 4. HP: 28/28 MP: 4/4
  1567 | D:3      | 1567 ||| Stepping ~*~*~tactically~*~*~ (stealth).
  1618 | D:3      | Reached skill level 4 in Axes
  1668 | D:3      | 1668 ||| Stepping ~*~*~tactically~*~*~ (stealth).
  1799 | D:3      | 1799 ||| Stepping ~*~*~tactically~*~*~ (hiding).
  1879 | D:3      | Found a shimmering altar of Xom.
  1880 | D:3      | Found a shimmering altar of Xom.
  2023 | D:3      | 2023 ||| READING scroll labelled UXENAC UDDICO.
  2024 | D:3      | 2024 ||| READING scroll labelled OMYPSE UL VEQ.
  2025 | D:3      | 2025 ||| DRINKING 2 bubbling coppery potions.
  2156 | D:4      | Reached XP level 5. HP: 32/32 MP: 5/5
  2219 | D:4      | 2219 ||| Stepping ~*~*~tactically~*~*~ (stealth).
  2222 | D:4      | 2222 ||| Stepping ~*~*~tactically~*~*~ (hiding).
  2224 | D:4      | 2224 ||| Stepping ~*~*~tactically~*~*~ (hiding).
  2226 | D:4      | 2226 ||| Stepping ~*~*~tactically~*~*~ (hiding).
  2487 | D:4      | Reached skill level 5 in Axes
  2501 | D:4      | 2501 ||| DRINKING potion of curing.
  2501 | D:4      | 2501 ||| (to cure confusion)
  2514 | D:4      | HP: 7/32 [orc priest/divine providence (11)]
  2516 | D:4      | Killed from afar by an orc priest

Levels and vault maps discovered:
D:1:      amcnicky_arrival_feature_with_door, layout_rooms,
          minmay_split_cup_large
D:2:      layout_basic
D:3:      layout_rooms, xom_redecorated, dk_vineyard_2
D:4:      layout_basic, grunt_dithmenos_smoke_and_mirrors,
          minmay_gold_behind_fungi, minmay_quadrilaterals

Skill      XL: |  1  2  3  4  5 |
---------------+----------------+-----
Axes           | 2 3 4 5 |  5.0
Fighting       | |  3.3
Armour         | |  3.2
Shields        | |  3.2

Action                     |  1- 3 |  4- 6 || total
---------------------------+-------+-------++-------
  Melee: War axe           |   105 |   119 ||   224
  Throw: Boomerang         |    32 |    40 ||    72
    Use: Scroll            |     5 |     2 ||     7
         Potion            |     1 |     2 ||     3
 Armour: Scale mail        |    33 |       ||    33
         Chain mail        |    16 |    89 ||   105
  Dodge: Dodged            |    33 |    46 ||    79
  Block: Buckler           |    23 |    22 ||    45

Table legend:
 A = Non-vault XP
 B = Vault XP
 C = Vault XP percentage of total XP
 D = Non-vault monster count
 E = Vault monster count
 F = Vault count percentage of total count
                 A         B        C        D         E       F
            +---------+---------+-------+---------+---------+-------
      Total |     168 |      66 |  28.2 |      63 |      10 |  13.7
            +---------+---------+-------+---------+---------+-------
        D:1 |      39 |       6 |  13.3 |      23 |       4 |  14.8
        D:2 |      33 |       0 |   0.0 |      18 |       0 |   0.0
        D:3 |      51 |       0 |   0.0 |      14 |       0 |   0.0
        D:4 |      45 |      60 |  57.1 |       8 |       6 |  42.9
            +---------+---------+-------+---------+---------+-------
